 Dungeon Crawl Stone Soup version 0.16-a0-3187-geb38783 (webtiles) character file.

74 PolkaDot the Caller (level 4, 0/35 HPs)
             Began as a Vampire Summoner on Dec 17, 2014.
             Killed from afar by Sigmund (7 damage)
             ... with a puff of flame
             ... on level 2 of the Dungeon.
             The game lasted 00:05:33 (2298 turns).

PolkaDot the Caller (Vampire Summoner)              Turns: 2298, Time: 00:05:33

Health: 0/35       AC:  2    Str:  7    XL:     4   Next: 10%
Magic:  0/7        EV: 12    Int: 18    God:
Gold:   120        SH:  0    Dex: 14    Spells: 3 memorised, 1 level left

rFire  . . .     SeeInvis +     c - +0 short sword
rCold  . . .     Clarity  .     a - +0 robe
rNeg   . . .     SustAb   .     (no shield)
rPois  .         Gourm    .     (no helmet)
rElec  .         Spirit   +     (no cloak)
rCorr  .         Warding  .     (no gloves)
rMut   .         Stasis   .     (no boots)
MR     .....                    d - amulet of guardian spirit
Stlth  +.........               (no ring)
                                (no ring)

@: confused, regenerating very quickly, not resistant to hostile enchantments,
very unstealthy
A: bottle blood, fangs 3, see invisible, unbreathing
a: no special abilities


You were on level 2 of the Dungeon.
You were almost alive.

You visited 1 branch of the dungeon, and saw 2 of its levels.

You collected 120 gold pieces.

Inventory:

Hand weapons
 c - a +0 short sword (weapon)
Armour
 a - a +0 robe (worn)
Jewellery
 d - an amulet of guardian spirit (around neck)
Scrolls
 e - a scroll of immolation {unknown}
 f - 2 scrolls of remove curse {unknown}
 h - a scroll of fog {unknown}
 i - a scroll of magic mapping {unknown}
 j - a scroll of noise {unknown}
Potions
 g - 5 potions of blood {@*1}
Books
 b - a book of Callings

   Spells                             Type                      Level
   a - Summon Small Mammal            Summoning                    1
   b - Call Imp                       Summoning                    2
   c - Call Canine Familiar           Summoning                    3
   d - Summon Guardian Golem          Hexes/Summoning              4
   e - Summon Lightning Spire         Summoning/Air                4
   f - Summon Ice Beast               Ice/Summoning                4


   Skills:
 * Level 3.0 Fighting
 - Level 1.5 Short Blades
 - Level 2.1 Dodging
 - Level 3.0 Stealth
 - Level 2.0 Spellcasting
 - Level 4.0 Summonings


You had one spell level left.
You knew the following spells:

 Your Spells              Type           Power        Failure   Level  Hunger
d - Call Canine Familiar  Summ           ###.....     12%         3    ###....
s - Call Imp              Summ           ###.....     6%          2    ###....
z - Summon Small Mammal   Summ           ###.         3%          1    #......


Dungeon Overview and Level Annotations

Branches:
Dungeon (2/15)

Altars:

Annotations:
D:2 Sigmund


Innate Abilities, Weirdness & Mutations

Your natural rate of healing is extremely fast.
You can bottle blood from corpses.
You have razor-sharp teeth.
You have supernaturally acute eyesight.
You can survive without breathing.


Message History

Are you sure you want to stumble around while confused and next to your hound? [Y]es or [N]o only, please.
Are you sure you want to stumble around while confused and next to your hound?
Okay, then.
Unknown command.
Unknown command.
What do you say? t - Shout!
Orders for allies: a - Attack new target. p - Attack previous target. r - Retreat! s - Stop attacking. w - Wait here. f - Follow me.
Anything else - Stay silent.
Gang up on whom?
Press: ? - help, Dir - move target cursor, f/p - Sigmund
Aim: Sigmund, wielding a scythe, wearing a robe and carrying a wand of enslavement {zapped: 9} (almost dead, slightly transparent) Attack!
Sigmund gestures at you while chanting. The puff of flame hits you!
* * * LOW MAGIC WARNING * * *
You die...

#######.##.# #.#.###.#
#######.##.# #.#.# #.#
...........###.#.# #.#
#####>...........###.#
#####................#
...##..<####.......###
##.###)## #.......#
.>.# #.# #.......#
#..###.# #....@..#
.......#####......h#
...................#
#..############@.###
#..# #..# #..# #..#
#..# #..# #..# #..#
#..####...# #.?#


You could see Sigmund (invisible) and a friendly hound (confused).

Vanquished Creatures
  Terence (D:2)
  7 bats
  3 giant cockroaches
  3 goblins
  6 hobgoblins
  8 jackals
  4 kobolds
  A quokka (D:2)
  3 giant geckos
  6 giant newts
  5 rats
47 creatures vanquished.

Vanquished Creatures (collateral kills)
  An adder (D:2)
  A worm (D:2)
  A goblin (D:1)
  3 jackals
  A kobold (D:1)
  A giant newt (D:2)
8 creatures vanquished.

Vanquished Creatures (others)
  A hound (D:2)
  A rat (D:2)
2 creatures vanquished.

Grand Total: 57 creatures vanquished

Notes
Turn   | Place    | Note
--------------------------------------------------------------
     0 | D:1      | PolkaDot, the Vampire Summoner, began the quest for the Orb.
     0 | D:1      | Reached XP level 1. HP: 13/13 MP: 3/3
   454 | D:1      | Reached skill level 1 in Fighting
   471 | D:1      | Reached XP level 2. HP: 18/21 MP: 4/4
   482 | D:1      | Reached skill level 1 in Short Blades
  1176 | D:1      | Reached XP level 3. HP: 27/27 MP: 6/6
  1275 | D:1      | Learned a level 2 spell: Call Imp
  1279 | D:1      | Learned a level 3 spell: Call Canine Familiar
  1641 | D:2      | Noticed Terence
  1658 | D:2      | Killed Terence
  1833 | D:2      | Reached XP level 4. HP: 34/34 MP: 7/7
  2261 | D:2      | Noticed Sigmund
  2298 | D:2      | Killed from afar by Sigmund

Action                   |  1- 3 |  4- 6 || total
-------------------------+-------+-------++-------
Melee: Short sword       |   138 |    24 ||   162
       Unarmed           |     3 |       ||     3
 Cast: Summon Small Mamm |    12 |     1 ||    13
       Call Canine Famil |     2 |     2 ||     4
       Call Imp          |     2 |     1 ||     3
  Use: Potion            |    12 |     3 ||    15
 Stab: Sleeping          |     6 |       ||     6
  Eat: Corpse            |     6 |       ||     6
